 Dungeon Crawl Stone Soup version 0.31-a0-986-g5e6e4ef867 (webtiles) character file.

Game seed: 2711933617817811816

89 LeprechaunX the Changeling (level 4, -4/29 HPs)
             Began as an Octopode Shapeshifter on Nov 10, 2023.
             Slain by an orc
             ... wielding a +0 mace
              (7 damage)
             ... on level 2 of the Dungeon.
             The game lasted 00:01:45 (992 turns).

LeprechaunX the Changeling (Octopode Shapeshifter)   Turns: 992, Time: 00:01:46

Health: -4/29      AC:  1    Str: 13    XL:     4   Next: 55%
Magic:  4/4        EV: 13    Int: 12    God:
Gold:   63         SH:  0    Dex: 13    Spells: 3/3 levels left

rFire   + .          .
                       - Unarmed
rCold   x . .        (no shield)
rNeg    . . .        (helmet currently unavailable)
rPois   .            (no amulet)
rElec   .            k - ring of fire
rCorr   .            (no ring)
SInv    .            (no ring)
Will    .....        (no ring)
Stlth   ++           (no ring)
HPRegen 0.24/turn    (no ring)
MPRegen 0.09/turn    (no ring)
                     (no ring)

%: no passive effects
@: beast-form
A: beast (slay +2), almost no armour, amphibious, 8 rings, camouflage 1,
gelatinous body 1, (nimble swimmer 1), tentacles
a: Begin Untransformation


You were on level 2 of the Dungeon.
You were a hulking beast.
You visited 1 branch of the dungeon, and saw 2 of its levels.

You collected 63 gold pieces.

Inventory:

Missiles
 j - 5 boomerangs (quivered)
Jewellery
 k - a ring of fire (left tentacle)
Talismans
 b - a beast talisman
 c - a flux talisman
 g - a maw talisman
Scrolls
 e - 2 scrolls of teleportation {unknown}
 f - 2 scrolls of fear {unknown}
 i - a scroll of enchant weapon {unknown}
Potions
 a - a potion of lignification
 d - a potion of brilliance {unknown}
 h - a potion of curing {unknown}


   Skills:
 + Level 2.1 Fighting
 + Level 1.1 Throwing
 - Level 2.0 Dodging
 + Level 3.5 Unarmed Combat
 * Level 3.9 Shapeshifting


You had 3 spell levels left.
You didn't know any spells.
Your spell library contained the following spells:

 Spells                   Type           Power      Damage    Failure   Level
 Magic Dart               Conj           0%         1d3       32%         1
 Lesser Beckoning         Tloc           0%         N/A       45%         2
 Searing Ray              Conj           0%         2d4       45%         2
 Gell's Gravitas          Tloc           0%         N/A       69%         3
 Teleport Other           Tloc           0%         N/A       69%         3
 Fulminant Prism          Conj/Hex       0%         3d5       97%         4


Dungeon Overview and Level Annotations

Branches:
Dungeon (2/15)

Altars:


Innate Abilities, Weirdness & Mutations

You are a hulking beast.
Your limbs bulge with bestial killing power. (Slay +2)
You cannot wear most types of armour.
You are amphibious.
You can wear up to eight rings at the same time.
Your skin changes colour to match your surroundings (Stealth+).
Your rubbery body absorbs attacks. (AC +1, EV +1)
((You are camouflaged when in or above water. (Stealth+)))
You have tentacles for arms and can constrict up to eight enemies at once.


Message History

The orc closely misses you.
Unknown command.
You closely miss the orc. You grab the orc. You squeeze the orc!
You kill the orc!
Unknown command.
You completely miss the orc. You grab the orc. You squeeze the orc!
You kill the orc!
Unknown command.
You start resting.
An orc comes into view. It is wielding a +0 mace.
You see here a jackal corpse.
You start resting.
An orc is nearby!
You are too injured to fight recklessly!
You are too injured to fight recklessly!
You are too injured to fight recklessly!
Throw: 5 boomerangs
Press: ? - help, Q - select action Shift-Dir - straight line, f - orc
Aim: an orc, wielding a +0 mace and wearing a +0 chain mail (wandering, hasn't noticed you, 67% to hit)
You throw a boomerang. The orc shouts!
The boomerang hits the orc but does no damage.
You hear a shout!
You hear an angry hiss.
You hear a shout!
Throw: 5 boomerangs
Press: ? - help, Q - select action Shift-Dir - straight line, f/p - orc
Aim: an orc, wielding a +0 mace and wearing a +0 chain mail (65% to hit)
You throw a boomerang.
The boomerang hits the orc but does no damage.
An endoplasm comes into view.
You tentacle-slap the orc but do no damage.
You grab the orc. You squeeze the orc.
The orc is severely wounded.
You constrict the orc, but do no damage.
The orc hits you with a +0 mace!
* * * LOW HITPOINT WARNING * * *
You barely miss the orc.
The orc is severely wounded.
You constrict the orc, but do no damage.
The orc hits you with a +0 mace!
You die...

............##...#..#..#
......).....#####..##.##
..........#.##....## .#
..[......†.)...# ## ..
.#.......†##..##
#.........# #....
..........# .....
..#.......# ..o..
###.J....h# ..
#....##o........ ...##.
#........ .## ##
..###.... ... ... #..#
.. .#.# . ##.#


You could see an orc and an endoplasm.

Vanquished Creatures
  An orc priest (D:2)
  Jessica (D:2)
  A dart slug (D:1)
  3 orcs (D:2)
  3 ball pythons
  4 bats
  3 endoplasms
  A goblin (D:1)
  A hobgoblin (D:1)
  3 jackals (D:2)
  A kobold (D:1)
  2 quokkas (D:1)
  3 rats (D:1)
27 creatures vanquished.

Notes
Turn   | Place    | Note
-------+----------+-------------------------------------------
     0 | D:1      | LeprechaunX the Octopode Shapeshifter began the quest for
                  | the Orb.
     0 | D:1      | Reached XP level 1. HP: 13/13 MP: 1/1
   127 | D:1      | Reached XP level 2. HP: 18/18 MP: 2/2
   933 | D:2      | Noticed Jessica
   950 | D:2      | Killed Jessica
   951 | D:2      | Reached XP level 3. HP: 19/24 MP: 3/3
   978 | D:2      | Reached skill level 1 in Throwing
   978 | D:2      | Reached XP level 4. HP: 7/29 MP: 4/4
   992 | D:2      | Slain by an orc

Illustrated notes

Levels and vault maps discovered:
D:1:      scummos_arrival_star, layout_basic
D:2:      layout_rooms, minmay_heptomino_w4, uniq_jessica

Skill      XL: |  1  2  3 |
---------------+----------+-----
Fighting       | 2 |  2.1
Throwing       | 1 |  1.1
Dodging        | |  2.0
Unarmed Combat | |  3.5
Shapeshifting  | |  3.9

Action                     |  1- 3 |  4- 6 || total
---------------------------+-------+-------++-------
  Melee: Unarmed           |    41 |     5 ||    46
         Constrict         |    11 |     4 ||    15
         Tentacles         |     6 |     3 ||     9
         Punch             |     1 |     1 ||     2
  Throw: Boomerang         |     4 |     2 ||     6
   Stab: Sleeping          |     3 |       ||     3
 Armour: Skin              |    17 |     2 ||    19
  Dodge: Dodged            |    18 |     1 ||    19

Table legend: (Time is in decaauts)
 A = Elapsed time spent in this place.
 B = Non-inter-level travel time spent in this place.
 C = Inter-level travel time spent in this place.
 D = Time resting spent in this place.
 E = Time spent auto-exploring this place.
 F = Levels seen in this place.
 G = Mean time per level.
                   A        B        C        D        E       F      G
               +--------+--------+--------+--------+--------+-----+--------+
         Total |    990 |    926 |     64 |      2 |    740 |   2 |  495.0 |
       Dungeon |    990 |    926 |     64 |      2 |    740 |   2 |  495.0 |
               +--------+--------+--------+--------+--------+-----+--------+

Top non-repeatable levels by time:
     D:1: 892 daAuts
     D:2: 98 daAuts
